Cogmind - Beta 10.1 @@@ ROGUE MODE // 2020.10.03 @ 15:06:58 Player: Stryker Result: Self-destructed Performance ------------- Evolutions (6) 3000 Regions Visited (21) 4200 Robots Destroyed (250) 1250 Value Destroyed (8803) 8803 Prototype IDs (49) 980 Alien Tech Used (0) 0 Bonus (-1133) -1133 TOTAL SCORE: 17100 Bonus ------- Triggered High Security 500 High Alert Combat Kills 1560 Follower Combat Kills 1495 Network Hubs Disabled 400 Aligned with FarCom 300 Met Data Miner 300 Met Imprinter 300 Built Enhanced Grunts 300 Friendly Fire -6288 Cogmind --------- Core Integrity 925/1150 Matter 98/300 Energy 97/100 System Corruption 8% Temperature Cool (204) Movement Hovering (64) Location -4/Factory Parts ------- > --- POWER (2) -------- (None) > --- PROPULSION (6) --- Combat Gravmag System Combat Gravmag System Combat Gravmag System Combat Gravmag System Combat Gravmag System > --- UTILITY (6) ------ Advanced Cooling System High-capacity Storage Unit High-capacity Storage Unit Hacking Suite Advanced Hacking Suite > --- WEAPON (5) ------- Railgun Improved KE Penetrator Improved KE Penetrator > --- INVENTORY (20) --- Antigrav System Combat Gravmag System High-capacity Storage Unit Improved Energy Well (600) Matter Compressor (250) Matter Filter Centrium Medium Armor Plating Light Regenerative Plating Experimental Thermal Shield Makeshift System Restoration Module Advanced Variable Charge Gun Phasing Sabre Peak State ------------ > --- POWER ------------ Particle Reactor Quantum Reactor > --- PROPULSION ------- Combat Gravmag System Combat Gravmag System Combat Gravmag System Combat Gravmag System Combat Gravmag System Combat Gravmag System > --- UTILITY ---------- Advanced Cooling System High-capacity Storage Unit High-capacity Storage Unit Light Regenerative Plating Hacking Suite Advanced Hacking Suite > --- WEAPON ----------- Advanced Variable Charge Gun XL Autogun Array > --- INVENTORY -------- Particle Reactor Combat Gravmag System Combat Gravmag System Combat Gravmag System Advanced Cooling System High-capacity Storage Unit Improved Energy Well Matter Compressor Matter Filter Centrium Medium Armor Plating Light Regenerative Plating Experimental Thermal Shield Makeshift System Restoration Module Advanced Variable Charge Gun KE Penetrator Railgun Improved KE Penetrator Improved KE Penetrator Heavy Rocket Launcher Phasing Sabre [Rating: 132] Favorites ----------- Power Improved Deuterium Engine Engine Improved Deuterium Engine Power Core Light Nuclear Core Reactor Antimatter Reactor Propulsion Combat Gravmag System Treads Light Treads Leg Titanium Leg Wheel Compact Wheel Hover Unit Combat Gravmag System Utility High-capacity Storage Unit Device Advanced Heat Sink Storage High-capacity Storage Unit Processor Advanced Signal Interpreter Hackware Advanced Hacking Suite Protection Layered Medium Armor Plating Weapon Gauss Rifle Energy Gun EM Pulse Gun Energy Cannon Heavy Plasma Cannon Ballistic Gun Gauss Rifle Ballistic Cannon Gauss Cannon Launcher Proton Missile Launcher Impact Weapon Makeshift Hammer Slashing Weapon Phasing Sabre Build | -11 -10 -10 -10 -9 -8 -7 -7 -7 -7 -6 -6 -6 -6 -6 -5 -5 -5 -5 -5 -5 -4 ------- Run | Scr Mat Min Exi Min Mat Fac Low Low Dat Pro Fac Low Low Zio Pro Fac Ext Cet Arc Hub Fac Slots Evolved 12 | . . . . . 4 2 . . . . 2 . . . . 2 . . . . 2 Power 1 | . . . . . . . . . . . . . . . . 1 . . . . . Propulsion 4 | . . . . . 2 1 . . . . . . . . . 1 . . . . . Utility 4 | . . . . . . 1 . . . . 1 . . . . . . . . . 2 Weapon 3 | . . . . . 2 . . . . . 1 . . . . . . . . . . Parts Attached 250 | 2 10 8 7 2 38 42 6 18 3 9 17 11 3 5 2 15 14 10 2 2 24 Power 23 | . 1 1 1 . 3 4 . 2 . 1 2 1 . 2 . 2 . 1 1 . 1 Engine 13 | . 1 1 1 . 2 3 . 1 . . 2 . . 1 . 1 . . . . . Core 5 | . . . . . 1 1 . 1 . 1 . . . . . 1 . . . . . Reactor 5 | . . . . . . . . . . . . 1 . 1 . . . 1 1 . 1 Propulsion 73 | 1 5 3 2 . 15 15 3 6 . 4 9 5 . . . 1 . 1 . . 3 Treads 46 | . 4 2 . . 12 14 3 3 . 3 5 . . . . . . . . . . Leg 10 | . . . 1 . 1 . . 3 . 1 4 . . . . . . . . . . Wheel 6 | 1 1 1 1 . 2 . . . . . . . . . . . . . . . . Hover 11 | . . . . . . 1 . . . . . 5 . . . 1 . 1 . . 3 Flight . | . . . . . . . . . . . . . . . . . . . . . . Utility 58 | 1 2 . 2 . . 8 2 . 2 4 5 2 . 1 . 8 7 4 1 . 9 Device 20 | . . . . . . . 1 . 1 1 2 1 . . . 5 3 2 1 . 3 Storage 20 | 1 2 . 2 . . 6 1 . 1 . 2 1 . 1 . . 2 1 . . . Processor 2 | . . . . . . 1 . . . . . . . . . . 1 . . . . Hackware 4 | . . . . . . 1 . . . . . . . . . 2 . . . . 1 Protection 12 | . . . . . . . . . . 3 1 . . . . 1 1 1 . . 5 Artifact . | . . . . . . . . . . . . . . . . . . . . . . Weapon 96 | . 2 4 2 2 20 15 1 10 1 . 1 3 3 2 2 4 7 4 . 2 11 Energy Gun 22 | . 1 2 . . 6 2 . 3 . . . . 1 1 . . 3 1 . . 2 Energy Cannon 4 | . . . . . 2 . . . . . 1 . 1 . . . . . . . . Ballistic Gun 40 | . 1 1 1 1 10 8 . 4 1 . . 1 1 1 . 2 1 2 . 1 4 Ballistic Cannon 5 | . . . . . 1 2 . 2 . . . . . . . . . . . . . Launcher 14 | . . 1 . 1 1 2 1 1 . . . 2 . . 1 . 1 . . 1 2 Special Weapon . | . . . . . . . . . . . . . . . . . . . . . . Impact Weapon 3 | . . . . . . . . . . . . . . . 1 2 . . . . . Slashing Weapon 8 | . . . 1 . . 1 . . . . . . . . . . 2 1 . . 3 Piercing Weapon . | . . . . . . . . . . . . . . . . . . . . . . Special Melee Weapon . | . . . . . . . . . . . . . . . . . . . . . . Unidentified Prototypes 17 | . . . 2 . 5 1 . 1 . 1 1 . 1 1 . . . 3 . . 1 Parts Lost 64 | . 2 5 . . 13 8 1 18 . 2 1 . 1 . . . . . 1 . 12 Power 9 | . . 1 . . 2 . . 2 . . 1 . . . . . . . . . 3 Propulsion 22 | . 1 2 . . 3 4 1 6 . 2 . . . . . . . . . . 3 Utility 3 | . . . . . . . . . . . . . . . . . . . 1 . 2 Weapon 30 | . 1 2 . . 8 4 . 10 . . . . 1 . . . . . . . 4 Highest Loss Streak 14 | . 1 2 . . 5 5 1 14 . 1 1 . 1 . . . . . 1 . 9 Average Slot Usage (%) 90 | . 99 99 99 100 97 98 99 91 69 75 77 79 75 79 80 81 81 82 82 82 85 Engine 5 | . 14 14 14 14 6 5 7 4 . . 3 2 . . . 2 . . . . . Core 1 | . . . . . 2 1 . 1 7 7 2 . . . . 2 5 5 2 . . Reactor 1 | . . . . . . . . . . . . 3 6 5 6 5 5 5 8 11 10 Treads 22 | . 20 25 24 14 26 37 38 28 15 31 22 10 . . . . . . . . . Leg 2 | . . . . . 1 . . 9 23 6 10 . . . . . . . . . . Wheel 1 | . 7 2 3 14 8 . . . . . . . . . . . . . . . . Hover 8 | . . . . . . . . . . . . 21 33 33 33 35 35 35 35 35 31 Device 2 | . . . . . . . 4 . 6 . 1 4 6 6 6 4 4 4 5 5 5 Storage 18 | . 28 28 28 28 18 22 18 23 15 18 17 14 13 13 13 11 11 11 11 11 10 Hackware 1 | . . . . . . . . . . . . . . . . 4 5 5 5 5 9 Protection 1 | . . . . . . . . . . 3 5 6 6 6 6 . . . . . 5 Energy Gun 3 | . 14 8 14 14 8 3 . 2 . . . . . . . . 2 . . . . Ballistic Gun 13 | . 13 14 13 13 19 23 21 13 . 7 6 6 7 13 6 5 5 8 5 7 6 Ballistic Cannon 1 | . . . . . 2 . 7 4 . . . . . . . . . . . . . Launcher 1 | . . 5 . . 1 1 . 1 . . . . . . 4 . . . . . 1 Naked Turns . | . . . . . . . . . . . . . . . . . . . . . . Heaviest Build 135 | 16 40 41 72 70 83 125 128 128 116 94 110 117 111 108 111 116 109 112 122 125 135 Greatest Support 150 | 20 40 40 40 16 89 112 118 110 49 111 115 125 125 125 125 150 150 150 150 150 150 Greatest Overweight (x) 5 | . 2 4 4 4 5 1 1 2 2 5 5 . . . . . . . . . 1 Average Overweight (x) . | . 1 1 1 4 2 . . 1 1 1 . . . . . . . . . . . Largest Inventory Capacity 28 | 8 16 16 20 20 20 28 28 28 28 20 20 20 20 20 20 20 20 20 20 20 20 Average Capacity 21 | 7 15 16 19 20 20 27 23 28 20 20 20 20 20 20 20 20 20 20 20 20 20 Most Carried 28 | 8 16 16 20 20 20 28 28 28 20 20 20 20 18 20 20 20 20 20 20 20 20 Average Carried 20 | 6 13 14 17 20 19 26 22 22 18 18 19 17 17 19 20 19 20 19 19 20 19 Final Capacity 28 | 8 16 16 20 20 20 28 28 28 20 20 20 20 20 20 20 20 20 20 20 20 20 Final Carried 28 | 8 15 16 20 20 20 27 28 15 15 20 20 18 16 20 20 20 20 20 20 20 12 Class Distribution -------------------- 20% | Hauler-Skirmisher 18% | Hauler-Mutant 18% | Hauler-Gunner 12% | Mutant 6% | Machinist-Mutant 6% | Machinist-Tank 3% | Machinist-Skirmisher 3% | Commander-Skirmisher 3% | Commander-Mutant Dominant Class ---------------- Mutant | -10/Materials Mutant | -10/Mines Hauler-Mutant | -10/Exiles Hauler-Mutant | -9/Mines Hauler-Skirmisher | -8/Materials Hauler-Skirmisher | -7/Factory Hauler-Gunner | -7/Lower Caves Hauler-Gunner | -7/Lower Caves Hauler-Mutant | -7/Data Miner Hauler-Tank | -6/Proximity Caves Scavenger-Skirmisher | -6/Factory Machinist-Tank | -6/Lower Caves Machinist-Tank | -6/Lower Caves Machinist-Tank | -6/Zion Machinist-Tank | -5/Proximity Caves Machinist-Mutant | -5/Factory Commander-Skirmisher | -5/Extension Commander-Skirmisher | -5/Cetus Commander-Mutant | -5/Archives Commander-Mutant | -5/Hub_04(d) Machinist-Skirmisher | -4/Factory Resources | -11 -10 -10 -10 -9 -8 -7 -7 -7 -7 -6 -6 -6 -6 -6 -5 -5 -5 -5 -5 -5 -4 ----------- Run | Scr Mat Min Exi Min Mat Fac Low Low Dat Pro Fac Low Low Zio Pro Fac Ext Cet Arc Hub Fac Matter Collected 8198 | 222 249 281 70 8 888 1611 451 779 . 367 55 155 250 69 52 590 1140 170 75 40 676 Remotely . | . . . . . . . . . . . . . . . . . . . . . . Salvage Created 10828 | 107 502 192 . 27 1394 2907 121 963 . 325 55 23 328 . 60 575 1456 166 89 559 979 Parts 516 | 6 35 10 . 6 65 156 6 40 . 18 6 3 14 . 6 18 47 10 6 14 50 Haulers Intercepted 10 | . 2 . . . 2 3 . . . . . . . . . 2 . . . 1 . Recyclers Shooed 10 | . . . . . 2 5 . . . . . . . . . . 2 . . 1 . Parts Field Recycled . | . . . . . . . . . . . . . . . . . . . . . . Retrieved Matter . | . . . . . . . . . . . . . . . . . . . . . . Parts Self-Destructed 72 | . . . . . . . 3 36 . 14 . 1 14 . 4 . . . . . . Prevented 15 | . . . . . . . 4 11 . . . . . . . . . . . . . Kills | -11 -10 -10 -10 -9 -8 -7 -7 -7 -7 -6 -6 -6 -6 -6 -5 -5 -5 -5 -5 -5 -4 ------- Run | Scr Mat Min Exi Min Mat Fac Low Low Dat Pro Fac Low Low Zio Pro Fac Ext Cet Arc Hub Fac Combat Hostiles Destroyed 183 | . 11 17 . 4 26 38 2 21 . 6 1 3 5 . 5 3 20 1 1 1 18 Guns 114 | . 11 6 . 1 9 30 1 11 . 6 . . 5 . 1 3 16 1 1 . 12 Cannons 22 | . . . . . 11 4 . 6 . . 1 . . . . . . . . . . AOE 42 | . . 11 . 3 6 1 . 3 . . . 3 . . 4 . 4 . . 1 6 Classes Destroyed 19 | 2 4 1 . . 3 7 . . . 2 . . . . . . . . . . . Worker 10 | . . . . . 1 7 . . . . 1 . . . . . . . . . 1 Builder 10 | . . . . . . 7 . . . . . . . . . . 3 . . . . Tunneler 5 | 1 . 1 . . . 2 . . . . . . . . . 1 . . . . . Hauler 10 | . 2 . . . 2 3 . . . . . . . . . 2 . . . 1 . Recycler 8 | 1 . . . . 2 3 . . . . . . . . . 1 1 . . . . Carrier 1 | . . . . . . 1 . . . . . . . . . . . . . . . Mechanic 2 | . . . . . . 1 . . . . . . . . . . . . . . 1 Operator 2 | . . . . . . 1 . . . . . . . . . . 1 . . . . Watcher 10 | . 2 . . . 2 3 . . . . . . . . . 1 . . . 1 1 Swarmer 40 | . 5 3 . 4 4 . . 4 . 1 . 3 . . 5 . 4 . . . 7 Grunt 67 | . 6 2 . . 13 23 . 12 . . . . . . . . 5 . . 1 5 Brawler 7 | . . . . . . 2 . 3 . . . . 2 . . . . . . . . Duelist 6 | . . . . . 2 2 . . . . . . 2 . . . . . . . . Protector 1 | . . . . . . 1 . . . . . . . . . . . . . . . Sentry 28 | . . . . . 7 5 1 2 . 1 . . 1 . . 1 8 . 1 . 1 Hunter 3 | . . . . . . . . . . 2 . . . . . . 1 . . . . Programmer 15 | . . . . . . 5 1 . . 1 1 . . . . 2 . . . . 5 Behemoth 3 | . . . . . . . . . . 1 . . . . . . 2 . . . . Cetus Guard 1 | . . . . . . . . . . . . . . . . . . 1 . . . Enhanced Grunt 1 | . . . . . . . . . . . . . . . . . . . . . 1 Assembled 12 | . . 12 . . . . . . . . . . . . . . . . . . . Savage 2 | . . . . . . . . . . . . . . . . . . . . 2 . Butcher 1 | . . . . . . . . . . . . . . . . . 1 . . . . Guerrilla 4 | . . . . . . . . . . . . . . . . . . . . 4 . Best Kill Streak 12 | 2 2 12 . 4 8 9 1 7 . 3 1 3 8 . 5 3 5 1 1 3 6 Combat Bots Only 11 | . 2 11 . 4 7 7 1 7 . 3 1 3 8 . 5 2 4 1 1 1 6 Max Kills in Single Turn 8 | 1 1 2 . 3 3 8 1 1 . 1 1 2 1 . 3 2 3 1 1 5 3 Gunslinging . | . . . . . . . . . . . . . . . . . . . . . . Exploded 3 | . . 2 . 3 3 1 . 1 . . . 2 . . 3 . 3 . . 1 3 Melee . | . . . . . . . . . . . . . . . . . . . . . . Uniques/NPCs Destroyed 1 | . . . . . . . . . . . . . . . . . . 1 . . . A7 (-5/Cetus) Combat | -11 -10 -10 -10 -9 -8 -7 -7 -7 -7 -6 -6 -6 -6 -6 -5 -5 -5 -5 -5 -5 -4 -------- Run | Scr Mat Min Exi Min Mat Fac Low Low Dat Pro Fac Low Low Zio Pro Fac Ext Cet Arc Hub Fac Damage Taken 13170 | . 732 540 . 28 1343 3068 356 2904 . 197 61 40 295 . 257 106 241 55 48 158 2741 Core 1191 | . 80 92 . . 103 241 48 260 . 30 14 . 57 . . 22 19 . . . 225 Absorbed by Shields 63 | . . . . . . . . . . . . . . . . . 9 54 . . . Core Remaining (%) 69 | 100 . . . 31 81 . . . . 17 . . . . 91 . . . . 95 . Volleys Fired 484 | 2 53 27 . 2 75 115 10 42 . 14 1 3 9 . 7 11 60 4 3 2 44 Largest 5 | 2 2 2 . 1 4 4 4 4 . 1 2 1 2 . 1 2 1 1 1 1 5 Hottest 232 | 60 60 60 . 40 167 142 132 232 . 60 150 39 110 . 60 88 65 60 60 60 218 Shots Fired 1044 | 4 106 38 . 2 196 363 13 107 . 14 2 3 18 . 7 19 60 4 3 2 83 Gun 871 | 4 106 27 . 1 136 332 3 61 . 14 1 . 18 . 4 19 58 4 3 2 78 Cannon 112 | . . . . . 57 13 1 40 . . 1 . . . . . . . . . . Launcher 61 | . . 11 . 1 3 18 9 6 . . . 3 . . 3 . 2 . . . 5 Special . | . . . . . . . . . . . . . . . . . . . . . . Kinetic 776 | 2 53 16 . . 135 300 4 83 . 14 1 . 9 . 4 19 55 4 3 2 72 Thermal 90 | . . . . . 27 45 . 11 . . 1 . . . . . . . . . 6 Explosive 28 | . . 11 . 1 3 . . . . . . 3 . . 3 . 2 . . . 5 Electromagnetic 150 | 2 53 11 . 1 31 18 9 13 . . . . 9 . . . 3 . . . . Robot Hit Streak 32 | 1 16 11 . 12 23 32 9 15 . 8 8 1 8 . 4 7 16 13 3 3 7 Robot Miss Streak 10 | 1 5 1 . . 3 3 1 3 . 6 . 1 2 . 2 2 10 1 1 . 5 Penetration Max 1 | . . . . . . 1 . 1 . . . . . . . 1 . . . . 1 Secondary Targets 14 | . 3 2 . . 1 4 . 3 . . . . 1 . . . . . . . . Max Gunslinging Chain 1 | . 1 1 . . 1 1 . 1 . . . . 1 . . . . . . . . Shots Hit Robots 782 | 1 72 31 . 1 145 268 9 67 . 13 1 1 15 . 6 17 61 16 3 2 53 Core Hits 510 | 2 28 43 . 4 66 140 5 37 . 16 2 3 14 . 8 10 56 8 4 23 41 Critical Hits 17 | . . . . . 2 7 . 2 . . 1 . . . . . . . . . 5 Critical Kills 7 | . . . . . . 3 . 1 . . 1 . . . . . . . . . 2 Critical Parts Destroyed 9 | . . . . . 1 4 . 1 . . . . . . . . . . . . 3 Melee Attacks 66 | . . . . . . 1 . . . . . . . . 1 18 19 12 1 3 11 Impact 20 | . . . . . . . . . . . . . . . 1 18 1 . . . . Slashing 46 | . . . . . . 1 . . . . . . . . . . 18 12 1 3 11 Piercing . | . . . . . . . . . . . . . . . . . . . . . . Sneak Attacks 24 | . . . . . . . . . . . . . . . . 2 8 12 . 1 1 Combat Hostiles . | . . . . . . . . . . . . . . . . . . . . . . Follow-up Attacks . | . . . . . . . . . . . . . . . . . . . . . . Damage Inflicted 29098 | 66 791 919 . 127 2777 7600 366 1962 . 765 60 329 723 . 556 923 4758 1260 172 1612 3332 Guns 17187 | 30 791 210 . 11 1407 5146 51 900 . 765 . . 723 . 135 678 3673 186 172 25 2284 Cannons 1856 | . . . . . 971 274 . 574 . . 37 . . . . . . . . . . Explosions 7338 | 36 . 692 . 116 373 1980 315 488 . . . 329 . . 421 . 282 . . 1464 842 Melee 2451 | . . . . . . . . . . . . . . . . 245 803 1074 . 123 206 Ramming 266 | . . 17 . . 26 200 . . . . 23 . . . . . . . . . . Kinetic 16383 | . 211 113 . . 1686 4746 51 1181 . 765 . . 598 . 135 678 3673 186 172 25 2163 Thermal 2965 | 36 . . . . 450 1992 . 329 . . 37 . . . . . . . . . 121 Explosive 3008 | . . 692 . 116 326 . . . . . . 329 . . 421 . 282 . . . 842 Electromagnetic 4025 | 30 580 97 . 11 289 662 315 452 . . . . 125 . . . . . . 1464 . Impact 342 | . . . . . . . . . . . . . . . . 245 97 . . . . Slashing 2109 | . . . . . . . . . . . . . . . . . 706 1074 . 123 206 Piercing . | . . . . . . . . . . . . . . . . . . . . . . Highest Corruption 13 | . 2 2 2 2 3 13 13 8 8 . 3 . 4 4 . 2 2 2 2 3 8 Average Corruption 3 | . 2 2 2 2 3 3 7 5 5 . 2 . 4 4 . 1 2 2 2 2 5 Corruption Purged 21 | . . . . . . . 10 . 8 . 3 . . . . . . . . . . Effects 262 | . 4 6 5 5 28 48 74 33 21 . 5 . 2 3 . 6 7 3 2 2 8 Message Errors 76 | . 1 3 3 3 9 13 20 5 7 . 4 . . 1 . 2 2 . 1 1 1 Matter Fused 50 | . . . . . 6 3 24 8 4 . . . 2 1 . . . . . . 2 Heat Flow Errors 30 | . 1 1 1 2 2 7 7 2 2 . . . . . . 1 1 . 1 1 1 Energy Discharges 26 | . 1 . 1 . 3 3 10 4 1 . 1 . . . . 1 1 . . . . Parts Rejected 1 | . . . . . . 1 . . . . . . . . . . . . . . . Data Loss (minor) 29 | . . 2 . . 5 2 9 1 5 . . . . 1 . 2 . 2 . . . Data Loss (major) 5 | . . . . . . . 2 1 2 . . . . . . . . . . . . Misfires 1 | . . . . . . 1 . . . . . . . . . . . . . . . Misdirections 2 | . . . . . . . 2 . . . . . . . . . . . . . . Targeting Errors 38 | . 1 . . . 2 17 . 10 . . . . . . . . 3 1 . . 4 Weapon Failures 4 | . . . . . 1 1 . 2 . . . . . . . . . . . . . Overload Shots . | . . . . . . . . . . . . . . . . . . . . . . Overflow Damage 1206 | . . 11 . . 11 552 40 30 . . . 28 . . 35 123 108 128 . 53 87 Projectiles 45 | . . . . . 4 13 . . . . . . . . . . 28 . . . . Explosions 680 | . . 11 . . 7 518 40 30 . . . 28 . . 35 . . . . . 11 Melee 481 | . . . . . . 21 . . . . . . . . . 123 80 128 . 53 76 Knockbacks 24 | . . . . . 14 3 . 4 . . . . . . . 1 2 . . . . Impact 3 | . . . . . . 1 . . . . . . . . . 1 1 . . . . Kinetic 15 | . . . . . 10 2 . 3 . . . . . . . . . . . . . Secondary 6 | . . . . . 4 . . 1 . . . . . . . . 1 . . . . Self-Inflicted Damage 679 | . . . . 11 113 243 . 55 . . . . . . 52 . . . . 161 44 Shots 15 | . . . . 1 4 4 . 2 . . . . . . 1 . . . . 2 1 Rammed 17 | . . 2 . . 2 11 . . . . 2 . . . . . . . . . . Targets Rammed 20 | . . 2 . . 2 13 . . . . 3 . . . . . . . . . . Kicked . | . . . . . . . . . . . . . . . . . . . . . . Crushed 3 | . . . . . . 2 . . . . 1 . . . . . . . . . . Highest Temperature 494 | 20 174 197 243 208 327 367 226 494 191 165 102 110 406 . 65 301 225 230 128 168 318 Average Temperature 116 | 15 39 96 129 88 125 138 82 195 82 62 54 47 207 . 34 113 84 95 51 84 96 Received Heat Transfer 3360 | . 162 83 . . 549 978 75 1011 . 24 . . 135 . 27 . 76 . . . 240 Effects 27 | . . . . . 2 11 . 11 . . . . 1 . . . . . . . 2 Shutdowns 4 | . . . . . . 1 . 2 . . . . . . . . . . . . 1 Energy Bleed 8 | . . . . . . 4 . 2 . . . . 1 . . . . . . . 1 Interference 7 | . . . . . 2 3 . 2 . . . . . . . . . . . . . Short Circuit 1 | . . . . . . 1 . . . . . . . . . . . . . . . Damage (minor) 3 | . . . . . . 2 . 1 . . . . . . . . . . . . . Damage (major) 4 | . . . . . . . . 4 . . . . . . . . . . . . . Siege Activations . | . . . . . . . . . . . . . . . . . . . . . . Robots Corrupted 6 | . . . . . . 4 1 1 . . . . . . . . . . . . . Combat Hostiles 5 | . . . . . . 3 1 1 . . . . . . . . . . . . . Parts Fried 16 | . . . . . . 5 2 . . . . . . . . 4 1 . . 4 . Impact Corruptions 11 | . . . . . . 3 . . . . 1 . . . . 4 3 . . . . Robots Melted . | . . . . . . . . . . . . . . . . . . . . . . Combat Hostiles . | . . . . . . . . . . . . . . . . . . . . . . Parts Melted 4 | . . . . . . 2 . 1 . 1 . . . . . . . . . . . Heat Transferred 3637 | 50 . . . . 901 2025 . 463 . . 50 . . . . . . . . . 148 Parts Sabotaged . | . . . . . . . . . . . . . . . . . . . . . . Parts Stolen . | . . . . . . . . . . . . . . . . . . . . . . Parts Stripped . | . . . . . . . . . . . . . . . . . . . . . . Power Chain Reactions 6 | 1 . . . . 1 2 . 2 . . . . . . . . . . . . . Missiles Intercepted . | . . . . . . . . . . . . . . . . . . . . . . Alert | -11 -10 -10 -10 -9 -8 -7 -7 -7 -7 -6 -6 -6 -6 -6 -5 -5 -5 -5 -5 -5 -4 ------- Run | Scr Mat Min Exi Min Mat Fac Low Low Dat Pro Fac Low Low Zio Pro Fac Ext Cet Arc Hub Fac Peak Influence 1916 | 10 224 103 . 90 242 1125 . . . . 420 . . . . 152 950 526 301 962 1916 Initial 583 | . 6 58 . . 35 81 . . . . 42 . . . . 69 5 364 152 105 583 Average 276 | 8 118 36 . 25 129 378 . . . . 26 . . . . 102 416 408 264 214 1269 Maximum Alert Level 5 | . 1 . . . 1 4 . . . . 2 . . . . . 3 2 1 3 5 Low Security (%) 65 | 100 83 100 . 100 87 38 . . . . 98 . . . . 100 27 . 18 73 . Level 1 10 | . 16 . . . 12 14 . . . . . . . . . . 11 78 81 9 . Level 2 14 | . . . . . . 31 . . . . 1 . . . . . 52 21 . 14 17 Level 3 4 | . . . . . . 10 . . . . . . . . . . 8 . . 3 21 Level 4 2 | . . . . . . 4 . . . . . . . . . . . . . . 28 Level 5 . | . . . . . . . . . . . . . . . . . . . . . . High Security 2 | . . . . . . . . . . . . . . . . . . . . . 31 Max Security . | . . . . . . . . . . . . . . . . . . . . . . Squads Dispatched 39 | . 1 1 . . . 15 . 1 . . 2 . 1 . . 2 4 . . 1 11 Investigation 4 | . . 1 . . . 1 . . . . 1 . . . . 1 . . . . . Extermination 8 | . . . . . . 5 . . . . 1 . . . . 1 . . . . 1 Reinforcement 11 | . 1 . . . . 5 . . . . . . . . . . 3 . . . 2 Assault 15 | . . . . . . 4 . 1 . . . . 1 . . . 1 . . . 8 Garrison 1 | . . . . . . . . . . . . . . . . . . . . 1 . Intercept . | . . . . . . . . . . . . . . . . . . . . . . Construction Impeded 3 | . . . . . . 2 . . . . . . . . . . . . . . 1 Haulers Reinforced . | . . . . . . . . . . . . . . . . . . . . . . Stealth | -11 -10 -10 -10 -9 -8 -7 -7 -7 -7 -6 -6 -6 -6 -6 -5 -5 -5 -5 -5 -5 -4 --------- Run | Scr Mat Min Exi Min Mat Fac Low Low Dat Pro Fac Low Low Zio Pro Fac Ext Cet Arc Hub Fac Distress Signals 11 | . . . . . 3 3 . . . . . . . . . . 3 . . . 2 Communications Jammed . | . . . . . . . . . . . . . . . . . . . . . . Distress Signals . | . . . . . . . . . . . . . . . . . . . . . . Times Spotted 339 | . 19 20 . 4 48 74 4 25 . 7 2 4 14 . 12 7 35 5 2 9 48 Peak Tracking Total 18 | . 3 12 . 4 5 8 3 9 . 3 1 4 10 . 5 2 6 5 2 5 18 Tactical Retreats 25 | . 2 1 . . 6 3 1 . . . . 2 3 . 3 . . . . 1 3 Traps | -11 -10 -10 -10 -9 -8 -7 -7 -7 -7 -6 -6 -6 -6 -6 -5 -5 -5 -5 -5 -5 -4 ------- Run | Scr Mat Min Exi Min Mat Fac Low Low Dat Pro Fac Low Low Zio Pro Fac Ext Cet Arc Hub Fac Traps Triggered 12 | . 2 . . . . 4 . . . . 1 . . . . . 4 . . . 1 Indirectly 2 | . . . . . . 2 . . . . . . . . . . . . . . . Trap Hack Attempts . | . . . . . . . . . . . . . . . . . . . . . . Triggered . | . . . . . . . . . . . . . . . . . . . . . . Disarmed . | . . . . . . . . . . . . . . . . . . . . . . Reprogrammed . | . . . . . . . . . . . . . . . . . . . . . . Reused . | . . . . . . . . . . . . . . . . . . . . . . Traps Extracted . | . . . . . . . . . . . . . . . . . . . . . . Installed . | . . . . . . . . . . . . . . . . . . . . . . Triggered 5 | . . . . . . . 4 1 . . . . . . . . . . . . . Machines | -11 -10 -10 -10 -9 -8 -7 -7 -7 -7 -6 -6 -6 -6 -6 -5 -5 -5 -5 -5 -5 -4 ---------- Run | Scr Mat Min Exi Min Mat Fac Low Low Dat Pro Fac Low Low Zio Pro Fac Ext Cet Arc Hub Fac Machines Disabled 42 | . . . . . 1 19 . 1 . . . . . . . 2 2 . 1 8 8 Max in Single Turn 12 | . . . . . 1 12 . 1 . . . . . . . 1 1 . . 6 4 Garrison Access 1 | . . . . . . . . . . . . . . . . 1 . . . . . Network Hub 2 | . . . . . . . . . . . . . . . . . . . . 2 . Machines Sabotaged . | . . . . . . . . . . . . . . . . . . . . . . Garrisons Compromised . | . . . . . . . . . . . . . . . . . . . . . . Overloaded Fab Kills . | . . . . . . . . . . . . . . . . . . . . . . Fab Network Shutdowns 2 | . . . . . . . . . . . 1 . . . . . . . . . 1 Hacking | -11 -10 -10 -10 -9 -8 -7 -7 -7 -7 -6 -6 -6 -6 -6 -5 -5 -5 -5 -5 -5 -4 --------- Run | Scr Mat Min Exi Min Mat Fac Low Low Dat Pro Fac Low Low Zio Pro Fac Ext Cet Arc Hub Fac Machines Accessed 67 | . 6 2 4 . 8 8 1 . 4 1 5 1 . . . 6 8 2 . 5 6 Terminals 47 | . 6 1 . . 8 6 1 . . 1 1 1 . . . 4 8 2 . 5 3 Fabricators 7 | . . . . . . 1 . . . . 4 . . . . 1 . . . . 1 Repair Stations 2 | . . . . . . 1 . . . . . . . . . . . . . . 1 Recycling Units . | . . . . . . . . . . . . . . . . . . . . . . Scanalyzers 1 | . . . . . . . . . . . . . . . . . . . . . 1 Garrison Access 1 | . . . . . . . . . . . . . . . . 1 . . . . . Total Hacks 264 | . 23 4 49 . 25 20 3 . 26 6 16 7 . . . 19 24 5 . 11 26 Successful 185 | . 13 2 49 . 16 8 2 . 26 3 10 4 . . . 13 17 2 . 5 15 Failed 78 | . 10 2 . . 9 12 1 . . 3 6 3 . . . 6 6 3 . 6 11 Catastrophic 12 | . . . . . . 3 1 . . . 1 . . . . 2 2 1 . 1 1 Database Lockouts 1 | . . . . . . . . . . . . . . . . . 1 . . . . Manual 107 | . 19 3 1 . 17 4 2 . . 4 1 6 . . . 12 19 3 1 6 9 Terminals 150 | . 23 3 . . 25 16 3 . . 6 3 7 . . . 13 24 5 . 11 11 Fabricators 27 | . . . . . . 2 . . . . 13 . . . . 5 . . . . 7 Repair Stations 6 | . . . . . . 2 . . . . . . . . . . . . . . 4 Recycling Units . | . . . . . . . . . . . . . . . . . . . . . . Scanalyzers 4 | . . . . . . . . . . . . . . . . . . . . . 4 Garrison Access 1 | . . . . . . . . . . . . . . . . 1 . . . . . Terminal Hacks 129 | . 7 1 49 . 12 2 1 . 26 2 1 3 . . . 6 12 1 . 3 3 Record 66 | . 1 . 49 . . . 1 . 11 2 . 1 . . . . 1 . . . . Part Schematic 10 | . 2 . . . . 1 . . 7 . . . . . . . . . . . . Robot Schematic 5 | . . . . . . . . . 5 . . . . . . . . . . . . Robot Analysis 3 | . 1 . . . 1 . . . . . . . . . . . 1 . . . . Prototype ID Bank 13 | . 1 . . . 2 . . . 3 . 1 1 . . . 3 2 . . . . Open Door 1 | . . 1 . . . . . . . . . . . . . . . . . . . Level Access Points 1 | . . . . . . . . . . . . . . . . . . . . 1 . Branch Access Points 4 | . . . . . 1 1 . . . . . . . . . 1 . . . . 1 Terminal Index 1 | . . . . . . . . . . . . . . . . . . . . . 1 Alert Level 4 | . 1 . . . 2 . . . . . . . . . . . 1 . . . . Unreport Threat 6 | . . . . . 1 . . . . . . 1 . . . 1 2 1 . . . Locate Traps 9 | . 1 . . . 3 . . . . . . . . . . 1 3 . . . 1 Recall Reinforcements 2 | . . . . . . . . . . . . . . . . . 2 . . . . Hauler Manifests 1 | . . . . . 1 . . . . . . . . . . . . . . . . Zone Layout 3 | . . . . . 1 . . . . . . . . . . . . . . 2 . Fabricator Hacks 19 | . . . . . . 2 . . . . 9 . . . . 5 . . . . 3 Network Status 1 | . . . . . . . . . . . . . . . . . . . . . 1 Load Schematic 8 | . . . . . . 1 . . . . 4 . . . . 2 . . . . 1 Build 10 | . . . . . . 1 . . . . 5 . . . . 3 . . . . 1 Repair Station Hacks 4 | . . . . . . 2 . . . . . . . . . . . . . . 2 Scan Component 2 | . . . . . . 1 . . . . . . . . . . . . . . 1 Repair 2 | . . . . . . 1 . . . . . . . . . . . . . . 1 Recycling Unit Hacks . | . . . . . . . . . . . . . . . . . . . . . . Scanalyzer 3 | . . . . . . . . . . . . . . . . . . . . . 3 Insert Component 2 | . . . . . . . . . . . . . . . . . . . . . 2 Analyze 1 | . . . . . . . . . . . . . . . . . . . . . 1 Garrison Access Hacks 1 | . . . . . . . . . . . . . . . . 1 . . . . . Seal Access 1 | . . . . . . . . . . . . . . . . 1 . . . . . Unauthorized Hacks 29 | . 6 1 . . 4 2 1 . . 1 . 1 . . . 1 5 1 . 2 4 Terminals 27 | . 6 1 . . 4 2 1 . . 1 . 1 . . . 1 5 1 . 2 2 Track 9 | . 4 1 . . . . 1 . . 1 . 1 . . . . 1 . . . . Botnet 15 | . 2 . . . 4 2 . . . . . . . . . 1 2 . . 2 2 Disrupt 3 | . . . . . . . . . . . . . . . . . 2 1 . . . Fabricators 2 | . . . . . . . . . . . . . . . . . . . . . 2 Prioritize 1 | . . . . . . . . . . . . . . . . . . . . . 1 Siphon 1 | . . . . . . . . . . . . . . . . . . . . . 1 Repair Stations . | . . . . . . . . . . . . . . . . . . . . . . Recycling Units . | . . . . . . . . . . . . . . . . . . . . . . Scanalyzers . | . . . . . . . . . . . . . . . . . . . . . . Garrison Access . | . . . . . . . . . . . . . . . . . . . . . . Data Cores Recovered . | . . . . . . . . . . . . . . . . . . . . . . Used . | . . . . . . . . . . . . . . . . . . . . . . Hacking Detections 53 | . 6 1 . . 8 7 1 . . 1 4 1 . . . 5 7 2 . 5 5 Full Trace Events 3 | . . . . . . 1 . . . . 1 . . . . 1 . . . . . Feedback Events . | . . . . . . . . . . . . . . . . . . . . . . Feedback Blocked . | . . . . . . . . . . . . . . . . . . . . . . Robot Schematics Acquired 5 | . . . . . . . . . 5 . . . . . . . . . . . . Robots Built . | . . . . . . . . . . . . . . . . . . . . . . Matter . | . . . . . . . . . . . . . . . . . . . . . . Time . | . . . . . . . . . . . . . . . . . . . . . . Total Robot Build Rating . | . . . . . . . . . . . . . . . . . . . . . . Part Schematics Acquired 11 | . 2 . . . . 1 . . 7 . . . . . . . . . . . 1 Parts Built 12 | . . . . . . 2 . . . . 6 . . . . 2 . . . . 2 Matter 1630 | . . . . . . 212 . . . . 636 . . . . 570 . . . . 212 Time 781 | . . . . . . 53 . . . . 318 . . . . 304 . . . . 106 Total Part Build Rating 70 | . . . . . . 12 . . . . 36 . . . . 10 . . . . 12 Parts Repaired 2 | . . . . . . 1 . . . . . . . . . . . . . . 1 Time 66 | . . . . . . 38 . . . . . . . . . . . . . . 28 Parts Recycled . | . . . . . . . . . . . . . . . . . . . . . . Recycled Matter . | . . . . . . . . . . . . . . . . . . . . . . Retrieved Matter . | . . . . . . . . . . . . . . . . . . . . . . Retrieved Components . | . . . . . . . . . . . . . . . . . . . . . . Parts Scanalyzed 2 | . . . . . . . . . . . . . . . . . . . . . 2 Part Schematics Acquired 1 | . . . . . . . . . . . . . . . . . . . . . 1 Parts Damaged . | . . . . . . . . . . . . . . . . . . . . . . Bothacking | -11 -10 -10 -10 -9 -8 -7 -7 -7 -7 -6 -6 -6 -6 -6 -5 -5 -5 -5 -5 -5 -4 ------------ Run | Scr Mat Min Exi Min Mat Fac Low Low Dat Pro Fac Low Low Zio Pro Fac Ext Cet Arc Hub Fac Used RIF Installer . | . . . . . . . . . . . . . . . . . . . . . . Robots Hacked . | . . . . . . . . . . . . . . . . . . . . . . Non-combat . | . . . . . . . . . . . . . . . . . . . . . . Combat . | . . . . . . . . . . . . . . . . . . . . . . Robot Hacks Applied . | . . . . . . . . . . . . . . . . . . . . . . Relay Couplers Released . | . . . . . . . . . . . . . . . . . . . . . . Robots Rewired 19 | . . . . . . . . 1 . . . . . . . . 18 . . . . Allies Hacked . | . . . . . . . . . . . . . . . . . . . . . . Hacks Repelled . | . . . . . . . . . . . . . . . . . . . . . . Allies | -11 -10 -10 -10 -9 -8 -7 -7 -7 -7 -6 -6 -6 -6 -6 -5 -5 -5 -5 -5 -5 -4 -------- Run | Scr Mat Min Exi Min Mat Fac Low Low Dat Pro Fac Low Low Zio Pro Fac Ext Cet Arc Hub Fac Total Allies 32 | . . . . . . . . 2 . 1 . . . . . . 24 5 . . . Largest Group 20 | . . . . . . . . 1 1 2 . . . . . . 18 20 17 16 6 Highest-Rated Group 958 | . . . . . . . . 157 30 124 . . . . . . 638 958 762 731 381 Highest-Rated Ally 157 | . . . . . . . . 157 30 94 . . . . . . 156 156 94 94 94 Total Orders 6 | . . . . . . . . . . . . . . . . . 4 2 . . . STAY 4 | . . . . . . . . . . . . . . . . . 3 1 . . . FOLLOW 2 | . . . . . . . . . . . . . . . . . 1 1 . . . Ally Attacks 175 | . . . . . . . . 8 . 9 . . . . . . 55 13 20 39 31 Total Damage 4765 | . . . . . . . . 450 . 170 . . . . . . 1369 348 608 840 980 Kills 37 | . . . . . . . . 3 . . . . . . . . 9 5 3 11 6 Allies Corrupted 2 | . . . . . . . . . . . . . . . . . . . . . 2 Allies Melted . | . . . . . . . . . . . . . . . . . . . . . . Intel | -11 -10 -10 -10 -9 -8 -7 -7 -7 -7 -6 -6 -6 -6 -6 -5 -5 -5 -5 -5 -5 -4 ------- Run | Scr Mat Min Exi Min Mat Fac Low Low Dat Pro Fac Low Low Zio Pro Fac Ext Cet Arc Hub Fac Robot Analysis Total 3 | . 1 . . . 1 . . . . . . . . . . . 1 . . . . Derelict Logs Recovered 11 | . . 2 . 2 . . 2 1 . 2 . . 1 1 . . . . . . . Drone Launches . | . . . . . . . . . . . . . . . . . . . . . . Drone Recoveries . | . . . . . . . . . . . . . . . . . . . . . . Exploration | -11 -10 -10 -10 -9 -8 -7 -7 -7 -7 -6 -6 -6 -6 -6 -5 -5 -5 -5 -5 -5 -4 ------------- Run | Scr Mat Min Exi Min Mat Fac Low Low Dat Pro Fac Low Low Zio Pro Fac Ext Cet Arc Hub Fac Turns Passed 18727 | 37 1026 1232 698 383 1801 2721 2557 978 992 770 905 325 199 606 355 841 900 271 79 261 790 Spaces Moved 10932 | 25 615 676 419 261 891 1132 519 448 90 407 460 327 270 847 474 792 754 144 78 378 925 Core . | . . . . . . . . . . . . . . . . . . . . . . Treads 3811 | . 238 502 280 . 298 1132 519 285 . 252 237 68 . . . . . . . . . Legs 643 | 6 . . 6 . . . . 163 90 155 223 . . . . . . . . . . Wheels 1557 | 19 377 174 133 261 593 . . . . . . . . . . . . . . . . Hover 4921 | . . . . . . . . . . . . 259 270 847 474 792 754 144 78 378 925 Flight . | . . . . . . . . . . . . . . . . . . . . . . Fastest Speed 60 | 100 100 120 140 140 120 162 154 156 156 156 155 64 64 64 64 60 60 60 60 60 60 Average Speed 117 | 104 133 151 163 140 144 186 175 179 160 179 166 83 64 64 64 60 60 60 60 60 60 Slowest Speed 280 | 120 160 200 180 140 162 190 177 186 186 280 280 157 64 64 64 60 60 60 60 60 134 Overloaded Moves . | . . . . . . . . . . . . . . . . . . . . . . Propulsion Burnouts . | . . . . . . . . . . . . . . . . . . . . . . Robots Hopped . | . . . . . . . . . . . . . . . . . . . . . . Cave-ins Triggered 1 | . 1 . . . . . . . . . . . . . . . . . . . . Exploration Rate (%) 57 | 3 84 99 71 66 62 35 84 76 68 69 12 52 52 84 65 19 77 48 73 33 25 Regions Visited 21 Branch Regions 15 Pre-discovered Areas 8 | . . 2 1 1 . . . . 1 . . . . 3 . . . . . . . Known Exits Taken 8 | . . . . 1 . 1 . . . 1 1 1 . . 1 1 . . . 1 . Unknown Exits Taken 13 | 1 1 1 1 . 1 . 1 1 1 . . . 1 1 . . 1 1 1 . . Scrap Searched 21 | . . 2 . 1 . . 2 3 . 5 . 2 2 3 1 . . . . . . Spaces Dug 56 | . . . . . . 1 . . . . . 19 . . 1 12 14 . . 1 8 Terrain Destroyed 760 | 6 . 34 . 9 45 39 1 18 . 8 . 46 2 . 48 13 36 2 1 345 107 Melee 24 | . . . . . . 1 . . . . . . . . 1 12 1 . . 1 8 Projectile 63 | . . . . . 6 2 1 9 . 8 . . 2 . 6 1 9 2 1 . 16 AOE 673 | 6 . 34 . 9 39 36 . 9 . . . 46 . . 41 . 26 . . 344 83 Terrain Rammed . | . . . . . . . . . . . . . . . . . . . . . . Walls Destroyed . | . . . . . . . . . . . . . . . . . . . . . . Machines Disabled . | . . . . . . . . . . . . . . . . . . . . . . Actions | -11 -10 -10 -10 -9 -8 -7 -7 -7 -7 -6 -6 -6 -6 -6 -5 -5 -5 -5 -5 -5 -4 --------- Run | Scr Mat Min Exi Min Mat Fac Low Low Dat Pro Fac Low Low Zio Pro Fac Ext Cet Arc Hub Fac Total 16134 | 31 726 850 437 276 1280 1520 2154 538 940 455 595 377 286 911 520 1136 1169 310 108 405 1110 Wait 3900 | . 30 123 . 12 215 132 1600 10 845 2 90 28 4 46 37 268 204 129 21 19 85 Move 10911 | 24 614 675 418 260 890 1131 518 447 89 406 459 326 269 846 473 791 753 143 77 377 925 Hop . | . . . . . . . . . . . . . . . . . . . . . . Pick Up 178 | 2 12 10 2 . 26 46 9 6 . 12 10 2 . 7 . 15 2 4 2 1 10 Fast Attach 75 | 2 1 1 2 . 15 15 3 1 . 3 7 1 . 4 . 5 6 3 1 . 5 Attach 96 | . 2 4 3 . 19 14 2 15 3 2 6 6 2 . . 4 . 1 1 . 12 Detach 25 | . . . 5 . 4 4 1 1 3 2 . 2 . . . 1 1 . . . 1 Swap 81 | . 7 3 2 2 5 13 1 2 . 4 5 4 1 1 2 6 8 6 . 2 7 Drop 175 | 1 7 5 5 . 29 31 10 2 . 10 14 5 1 7 . 17 10 8 2 1 10 Fire 484 | 2 53 27 . 2 75 115 10 42 . 14 1 3 9 . 7 11 60 4 3 2 44 Melee 66 | . . . . . . 1 . . . . . . . . 1 18 19 12 1 3 11 Ram 1 | . . . . . 1 . . . . . . . . . . . . . . . . Kick . | . . . . . . . . . . . . . . . . . . . . . . Crush 19 | . . 2 . . 1 13 . . . . 3 . . . . . . . . . . Escape Stasis 9 | . . . . . . 5 . . . . . . . . . . 4 . . . . Rewire 114 | . . . . . . . . 12 . . . . . . . . 102 . . . . Trap . | . . . . . . . . . . . . . . . . . . . . . . Miscellaneous . | . . . . . . . . . . . . . . . . . . . . . . Route ------- -11/Scrapyard -10/Materials (discovered 4 exits: [*Mat x3] / *Min) -10/Mines (discovered 3 exits: [*Mat x2] / *Exi) -10/Exiles -9/Mines (discovered 2 exits: *Mat x2) -8/Materials (discovered 2 exits: *Fac x2) -7/Factory (discovered 3 exits: *Fac / *Low x2) -7/Lower Caves -7/Lower Caves (discovered 3 exits: *Fac x2 / *Dat) -7/Data Miner -6/Proximity Caves -6/Factory (discovered 2 exits: Fac / *Low) -6/Lower Caves -6/Lower Caves -6/Zion -5/Proximity Caves -5/Factory (discovered 5 exits: *Fac / Upp x2 / *Ext x2) -5/Extension (discovered 3 exits: *Fac x2 / *Cet) -5/Cetus -5/Archives -5/Hub_04(d) (discovered 4 exits: *Fac x4) -4/Factory (discovered 4 exits: [*Res] / Upp x2 / Arm) History --------- Turn | Location | Event 1 | -11/Scrapyard | Discovered new exit (range 3) 38 | -11/Scrapyard | Entered Materials 319 | -10/Materials | Build established: Mutant 329 | -10/Materials | Crushed by falling debris 359 | -10/Materials | Discovered new exit (range 6) 433 | -10/Materials | Discovered new exit (range 15) 530 | -10/Materials | Discovered new exit (range 12) 871 | -10/Materials | Discovered new exit (range 7) 1064 | -10/Materials | Entered Mines 1109 | -10/Mines | Deemed a non-threat by the Exiles lab entrance 1160 | -10/Mines | Assembled infested the area 1165 | -10/Mines | Assisted by a Guerilla fighting off Assembled 1212 | -10/Mines | Destroyed 11 combat bots 1501 | -10/Mines | Discovered new exit (range 12) 1635 | -10/Mines | Core integrity fell below 50% 1698 | -10/Mines | Discovered new exit (range 5) 2130 | -10/Mines | Met a Derelict shopkeep closing up shop 2290 | -10/Mines | Discovered new exit (range 5) 2296 | -10/Mines | Entered Exiles 2333 | -10/Exiles | Met 8R-AWN 2360 | -10/Exiles | Met EX-HEX 2450 | -10/Exiles | Met EX-DEC 2480 | -10/Exiles | Met EX-BIN 2617 | -10/Exiles | Learned location of Zion (-6) 2678 | -10/Exiles | Aligned with FarCom system 2680 | -10/Exiles | Given EX-Vault access code 2727 | -10/Exiles | Build established: Hauler-Mutant 2765 | -10/Exiles | Opened EX-Vault 2773 | -10/Exiles | Found Prototype Slashing Weapon 2773 | -10/Exiles | Identified Longsword +1 2791 | -10/Exiles | Found Prototype Leg 2791 | -10/Exiles | Identified Potential Leg 2809 | -10/Exiles | Found Prototype Ballistic Gun 2837 | -10/Exiles | Warned to stay clear of 0b10 Research branches 2983 | -10/Exiles | Discovered new exit (range 10) 2994 | -10/Exiles | Left Exiles lab with XL Autogun Array 2994 | -10/Exiles | Entered Mines 3065 | -9/Mines | Identified exit to Materials 3071 | -9/Mines | Found a hidden stash of uninstalled traps 3140 | -9/Mines | Learned location of Storage (-9) 3338 | -9/Mines | Discovered exit to Materials (range 7) 3377 | -9/Mines | Entered Materials 3377 | -8/Materials | Evolved 4 slots: Propulsion x2, Weapon x2 3380 | -8/Materials | Identified XL Autogun Array 3845 | -8/Materials | Lost 5 parts (1p1n3w) 3857 | -8/Materials | Discovered new exit (range 16) 3953 | -8/Materials | Destroyed 7 combat bots 3954 | -8/Materials | Lost 4 parts (2n2w) 4459 | -8/Materials | Build established: Hauler-Skirmisher 4902 | -8/Materials | Discovered new exit (range 12) 5178 | -8/Materials | Entered Factory 5178 | -7/Factory | Evolved 2 slots: Propulsion x1, Utility x1 6138 | -7/Factory | Discovered new exit (range 15) 6287 | -7/Factory | Identified exit to Factory 6936 | -7/Factory | Build established: Hauler-Mutant 6956 | -7/Factory | Repaired Arm. Treads 7178 | -7/Factory | First assault squad dispatched 7257 | -7/Factory | Build established: Hauler-Skirmisher 7398 | -7/Factory | Identified exit to Lower Caves 7455 | -7/Factory | Fabricated Cmb. Gravmag System (x2) 7756 | -7/Factory | System corruption reached 10% 7791 | -7/Factory | Destroyed 7 combat bots 7819 | -7/Factory | Lost 5 parts (4n1w) 7899 | -7/Factory | Entered Lower Caves 7962 | -7/Lower Caves | Learned location of 1 exit from Factory 7983 | -7/Lower Caves | Learned 4 Factory zone layouts 8210 | -7/Lower Caves | Build established: Hauler-Gunner 10145 | -7/Lower Caves | Attracted the attention of an 0b10 checkpoint 10440 | -7/Lower Caves | Build established: Hauler-Mutant 10440 | -7/Lower Caves | Discovered new exit (range 10) 10456 | -7/Lower Caves | Entered another Lower Caves area 10490 | -7/Lower Caves | Learned Factory security intel 10494 | -7/Lower Caves | Discovered exit to Factory (range 13) 10585 | -7/Lower Caves | Encountered a Warlord checkpoint 10795 | -7/Lower Caves | Spotted B-75 Beast 10878 | -7/Lower Caves | Attracted the attention of an 0b10 checkpoint 10977 | -7/Lower Caves | Build established: Hauler-Gunner 10988 | -7/Lower Caves | Attracted the attention of an 0b10 outpost 10988 | -7/Lower Caves | Core integrity fell below 50% 11060 | -7/Lower Caves | Destroyed 7 combat bots 11120 | -7/Lower Caves | Lost 14 parts (2p6n6w) 11150 | -7/Lower Caves | ME-RLN showed up to help 11152 | -7/Lower Caves | ME-RLN revealed a hidden path 11199 | -7/Lower Caves | Lost 4 parts (4w) 11413 | -7/Lower Caves | Discovered new exit (range 11) 11434 | -7/Lower Caves | Entered Data Miner 11434 | -7/Data Miner | Accompanied by 1 ally 11434 | -7/Data Miner | Discovered new exit (range 6) 11764 | -7/Data Miner | Build established: Hauler-Mutant 12330 | -7/Data Miner | Met Data Miner 12358 | -7/Data Miner | Learned location of Section 7 (-2) 12358 | -7/Data Miner | Acquired the access code to Warlord's prototype stash 12386 | -7/Data Miner | Received God Mode back door access code from Data Miner 12426 | -7/Data Miner | Entered Proximity Caves 12426 | -6/Proximity Caves | Accompanied by 1 ally 12436 | -6/Proximity Caves | Spotted B-75 Beast 12572 | -6/Proximity Caves | Destroyed B-75 Beast 12587 | -6/Proximity Caves | Learned location of 1 exit from Lower Caves 12611 | -6/Proximity Caves | Build established: Hauler-Gunner 12806 | -6/Proximity Caves | Learned 4 Factory zone layouts 12895 | -6/Proximity Caves | Escorted by Enhanced Grunt 12895 | -6/Proximity Caves | Attracted the attention of an 0b10 checkpoint 12918 | -6/Proximity Caves | Core integrity fell below 20% 13042 | -6/Proximity Caves | Found Prototype Device 13042 | -6/Proximity Caves | Identified Exp. Thermal Shield 13182 | -6/Proximity Caves | Discovered exit to Factory (range 5) 13196 | -6/Proximity Caves | Entered Factory 13196 | -6/Factory | Evolved 2 slots: Utility x1, Weapon x1 13197 | -6/Factory | Identified exit to Lower Caves 13198 | -6/Factory | Identified exit to Factory 13495 | -6/Factory | Build established: Hauler-Skirmisher 13630 | -6/Factory | Fabricated Cmb. Gravmag System (x2) 13740 | -6/Factory | Fabricated Cmb. Gravmag System? 13924 | -6/Factory | Incoming investigation squad redirected 13944 | -6/Factory | Build established: Scavenger-Skirmisher 13986 | -6/Factory | Fabricated Cmb. Gravmag System (x2) 14089 | -6/Factory | Local fabrication network quarantined 14101 | -6/Factory | Entered Lower Caves 14102 | -6/Lower Caves | Identified exit to Lower Caves 14426 | -6/Lower Caves | Entered another Lower Caves area 14438 | -6/Lower Caves | Attracted the attention of an 0b10 outpost 14469 | -6/Lower Caves | Destroyed 8 combat bots 14556 | -6/Lower Caves | Learned Factory emergency access door positions 14615 | -6/Lower Caves | Discovered new exit (range 15) 14625 | -6/Lower Caves | Entered Zion 14717 | -6/Zion | Discovered new exit (range 12) 14728 | -6/Zion | Build established: Machinist-Tank 14736 | -6/Zion | Acquired unknown access codes intercepted by a Zionite 14746 | -6/Zion | System corruption cleaned by Quarantine Array 14846 | -6/Zion | Received a hallucinogenic algorithm 14873 | -6/Zion | Found Prototype Energy Gun 14873 | -6/Zion | Identified Storm Laser 14895 | -6/Zion | Learned Factory garrison access intel 15047 | -6/Zion | Rebuked by Imprinter 15171 | -6/Zion | Learned location of Warlord (-5) 15231 | -6/Zion | Entered Proximity Caves 15578 | -5/Proximity Caves | Discovered exit to Factory (range 14) 15586 | -5/Proximity Caves | Entered Factory 15586 | -5/Factory | Evolved 2 slots: Power x1, Propulsion x1 15588 | -5/Factory | Loaded intel: 4 garrison access locations 15825 | -5/Factory | Fabricated Lgt. Regenerative Plating (x1) 15956 | -5/Factory | Build established: Machinist-Mutant 15979 | -5/Factory | Fabricated Lgt. Regenerative Plating (x1) 16037 | -5/Factory | Identified exit to Upper Caves 16037 | -5/Factory | Identified exit to Extension 16328 | -5/Factory | Discovered new exit (range 16) 16427 | -5/Factory | Entered Extension 16474 | -5/Extension | Rescued a captive Derelict 16488 | -5/Extension | Central database locked down 16488 | -5/Extension | Rescued a captive Derelict 16660 | -5/Extension | Rescued a captive Derelict 16722 | -5/Extension | Spotted B-75 Beast 16726 | -5/Extension | Spotted B-75 Beast 16728 | -5/Extension | Destroyed B-75 Beast 16735 | -5/Extension | Destroyed B-75 Beast 16747 | -5/Extension | Discovered new exit (range 3) 16994 | -5/Extension | Rescued A7 17187 | -5/Extension | Rescued a captive Derelict 17188 | -5/Extension | Rescued a captive Derelict 17209 | -5/Extension | Discovered new exit (range 10) 17209 | -5/Extension | Discovered new exit (range 6) 17327 | -5/Extension | First assault squad dispatched 17327 | -5/Extension | Entered Cetus 17327 | -5/Cetus | Accompanied by 18 allies (A7) 17332 | -5/Cetus | Acquired a Cetus Manufacturing Module code from A7 17338 | -5/Cetus | Spotted Cetus Guard 17338 | -5/Cetus | Destroyed Cetus Guard 17339 | -5/Cetus | Spotted Cetus Guard 17340 | -5/Cetus | Allies destroyed Cetus Guard 17341 | -5/Cetus | Spotted Cetus Guard 17341 | -5/Cetus | Spotted Cetus Guard 17347 | -5/Cetus | Allies destroyed Cetus Guard 17349 | -5/Cetus | Allies destroyed Cetus Guard 17397 | -5/Cetus | Started Cetus Manufacturing Module 17407 | -5/Cetus | Discovered new exit (range 16) 17422 | -5/Cetus | Manufactured an Enhanced Grunt 17447 | -5/Cetus | Manufactured an Enhanced Grunt 17472 | -5/Cetus | Manufactured an Enhanced Grunt 17489 | -5/Cetus | Build established: Commander-Skirmisher 17497 | -5/Cetus | Manufactured an Enhanced Grunt 17521 | -5/Cetus | Destroyed A7 17522 | -5/Cetus | Manufactured an Enhanced Grunt 17522 | -5/Cetus | Extracted ID and sensor layout for unrecognized location from A7's data core 17598 | -5/Cetus | Entered Archives 17598 | -5/Archives | Accompanied by 17 allies 17637 | -5/Archives | Unable to access archive contents 17644 | -5/Archives | Discovered new exit (range 16) 17677 | -5/Archives | Entered Hub_04(d) 17677 | -5/Hub_04(d) | Accompanied by 16 allies 17798 | -5/Hub_04(d) | Build established: Commander-Mutant 17884 | -5/Hub_04(d) | Identified exit to Factory 17891 | -5/Hub_04(d) | Garrison activated, responded to threat 17930 | -5/Hub_04(d) | Network Hub disabled 17938 | -5/Hub_04(d) | Network Hub disabled 17938 | -5/Hub_04(d) | Entered Factory 17938 | -4/Factory | Accompanied by 7 allies 17938 | -4/Factory | Evolved 2 slots: Utility x2 17964 | -4/Factory | Identified exit to Upper Caves 17964 | -4/Factory | Identified exit to Armory 18209 | -4/Factory | Fabricated Cmb. Gravmag System? 18234 | -4/Factory | Repaired Cmb. Gravmag System 18248 | -4/Factory | Local fabrication network quarantined 18479 | -4/Factory | High security lockdown imminent 18498 | -4/Factory | Discovered new exit (range 15) 18559 | -4/Factory | High security lockdown engaged 18563 | -4/Factory | Found Exp. Thermal Shield 18567 | -4/Factory | Assembled infested ambush trap array 18728 | -4/Factory | Self-destructed Last Messages --------------- 18720_ Overheating: Energy bleed (-74). 18720_ Penetrated by Slug. 18720_ Slug penetrates Wall. 18721_ Cmb. Gravmag System destroyed. 18721_ KE Penetrator destroyed. 18722_ Adv. Variable Charge Gun destroyed. 18723_ Penetrated by Slug. 18724_ Cmb. Gravmag System destroyed. 18724_ Slug penetrates G-67 Veteran. 18724_ G-73 Enforcer suffers critical hit. 18724_ G-73 Enforcer destroyed. 18724_ Slug penetrates Earth. 18725_ Particle Reactor destroyed. 18726_ Slug penetrates G-67 Veteran. 18726_ G-67 Veteran destroyed. 18726_ Penetrated by Slug. 18726_ Lgt. Regenerative Plating destroyed. 18726_ Hvy. Rocket Launcher destroyed. 18727_ Particle Reactor destroyed. 18728_ P-70 Sage resets H-77 Assassin, system corruption cleaned. Map ----- +----------------------------------------------------+ | ?????????????????????????????????????????????????? | | ?????????????????????????????????????????????????? | | ?????????????????????????????????????????????????? | | ?????????????????????????????????????????????????? | | ?????????????????????????????????????????????????? | | ???????????????????????????????????????????????? | | ""???????????????????????????????????????????????? | | ""???????????????????????????????????????????????? | | ""???????????????????????????????????????????????? | | "????????????????????????????????????????????????? | | ?????????????????????????????????????????????????? | | ??????????????????????###############????????????? | | ??????????????????????# #????????????? | | ??????????????????????# ! #????????????? | | ??????????????????????# #????????????? | | ??????????????????????# #????????????? | | ?#+#??????????????????# #????????????? | | ?# #??????????????????# !!= #????????????? | | ?# #??????????????????######=;;######????????????? | | ## #??????????????????????#; %| #????????????????? | | #????????????????????###; #????????????????? | | #????????????????????# #????????????????? | | #####+#??????????##### #????????????????? | | #?#######??# #?????BB??h??????? | | ######## #?# #### p #?????BB??YYY????? | | ???????# ### h p = h @ #???????????Y????? | | ???????# i = p g%h%* #????????????????? | | ???????##### !%* g #????????????????? | | ???????????# [ ### #????????????????? | | ???????????###+###?#### #;######????????????????? | | ??????????????????????###?##?????????????????????? | | ?????????????????????????????????????????????????? | | ?????????????????????????????????????????????????? | | ?????????????????????????????????????????????????? | | ?????????????????????????????????????????????????? | | ?????????????????????????????????????????????????? | | ?????????????????????????????????????????????????? | | ?????????????????????????????????????????????????? | | ?????????????????????????????????????????????????? | | ?????????????????????????????????????????????????? | | ?????????????????????????????????????????????????? | | ?????????????????????????????????????????????????? | | ?????????????????????????????????????????????????? | | ?????????????????????????????????????????????????? | | ?????????????????????????????????????????????????? | | ?????????????????????????????????????????????????? | | ?????????????????????????????????????????????????? | | ?????????????????????????????????????????????????? | | ?????????????????????????????????????????????????? | | ?????????????????????????????????????????????????? | +----------------------------------------------------+ Best States ------------- Heat Dissipation 74 Energy Generation 43 Energy Capacity 825 Matter Stores 471 Matter Capacity 500 Sight Range 16 Terrain Scan Density 10 Armor Coverage 300 Weapon Cycling 20 Evasion (%) 53 Recoil Reduction 5 Offensive Hacking 24 Item Schematics ----------------- Hcp. Storage Unit | -10/Materials | Hacked Lrg. Storage Unit | -10/Materials | Hacked Cmb. Gravmag System | -7/Factory | Hacked Combat Drone Bay | -7/Data Miner | Free Lgt. Regenerative Plating | -7/Data Miner | Free Exp. Flexi-carbon Leg | -7/Data Miner | Free Exp. Terrain Scanner | -7/Data Miner | Free Exp. Transmission Jammer | -7/Data Miner | Free Exp. ECM Suite | -7/Data Miner | Free Mni. Smartbomb Launcher | -7/Data Miner | Free Imp. KE Penetrator | -4/Factory | Scanalyzed Robot Schematics ------------------ S-27 Virus | -7/Data Miner | Free G-50 Soldier | -7/Data Miner | Free H-66 Slayer | -7/Data Miner | Free P-70 Sage | -7/Data Miner | Free I-36 Angel | -7/Data Miner | Free Fabricated ------------ Cmb. Gravmag System | x2 | -7/Factory Cmb. Gravmag System | x2 | -6/Factory Cmb. Gravmag System | x2 | -6/Factory Cmb. Gravmag System | x2 | -6/Factory Lgt. Regenerative Plating | x1 | -5/Factory Lgt. Regenerative Plating | x1 | -5/Factory Cmb. Gravmag System | x2 | -4/Factory Alien Tech Used ----------------- None Achievements -------------- None Challenges ------------ None Game ------ Seed AssembledColdProtomatter Manual? 0 Play Time 04:48:24 Cumulative 940.2 hours Start 2020.10.01 @ 10:00:42 End 2020.10.03 @ 15:06:58 Sessions 17 Manual Loads 0 Difficulty Rogue Special Mode None Game No. 267 Rogue 267 Adventurer 0 Explorer 0 Win Type - Total 32 Types 21/3/5/3/0/0/0/0/0 Lore% 74 Gallery% 86 Achievement% 72 Wizard Run 0 Options --------- ASCII 0 Keyboard 1 Movement Numpad Keybinds 0 Fullscreen 1 Font 24/Smallcaps Map View 76x50 Tactical HUD 1 Map Filters NONE Filters NONE Steam 1 RUN: 1a90451f-f062-44ab-aceb-266f40ed9ce2